Map: Port Aleksander LE

Players

Odin - Winner!

  • Race: Protoss Protoss
  • Spawn Location: 11:00

A.I. 1 (Elite)

  • Race: Terran Terran
  • Spawn Location: 5:00

VOD

Have the link to the VOD?

Description

Time

  • Played on: Dec. 19, 2018, 10 a.m.
  • Length: 26:52
Show
View Real Time Build Order
Export as new Build Order

Odin Protoss - Winner!

Build Orders: Oracle Opening, Carriers 

Get SALT Encoding   

  12  0:01  Probe  
  13  0:15  Probe, Pylon  
  14  0:34  Gateway, Probe  
  15  0:46  Probe  
  16  0:58  Probe  
  16  1:03  Assimilator  
  17  1:06  Probe  
  17  1:10  Assimilator  
  18  1:16  Gateway, Probe  
  19  1:30  Probe  
  20  1:41  Cybernetics Core  
  20  1:42  Probe  
  21  1:54  Probe, Pylon  
  22  2:06  Probe  
  23  2:16  Probe  
  23  2:17  Warp Gate  
  23  2:22  Stargate  
  24  2:24  Probe  
  25  2:36  Pylon  
  25  2:38  Adept x2  
  29  3:00  Nexus  
  29  3:02  Oracle  
  32  3:15  Probe  
  33  3:28  Probe  
  34  3:39  Oracle  
  34  3:40  Probe  
  38  3:52  Probe  
  39  4:07  Pylon  
  39  4:11  Probe  
  40  4:17  Probe  
  40  4:23  Probe  
  42  4:26  Robotics Facility  
  42  4:29  Probe  
  42  4:30  Oracle  
  46  4:35  Probe  
  47  4:40  Assimilator  
  47  4:41  Probe  
  47  4:43  Assimilator  
  48  4:49  Probe  
  49  4:53  Gateway  
  49  4:59  Gateway  
  49  5:07  Probe  
  50  5:15  Oracle  
  53  5:23  Gateway x2  
  53  5:24  Probe  
  53  5:27  Probe, Twilight Council  
  55  5:29  Robotics Bay  
  55  5:34  Immortal  
  59  5:37  Probe  
  59  5:41  Probe  
  61  5:47  Pylon x2  
  61  5:49  Pylon  
  61  6:10  Stalker  
  63  6:13  Nexus  
  63  6:15  Assimilator  
  63  6:18  Assimilator  
  63  6:59  Stalker  
  63  7:00  Stalker x4  
  63  7:01  Stalker  
  75  7:06  Probe x2  
  75  7:08  Disruptor  
  75  7:14  Probe x2  
  82  7:23  Charge  
  82  7:24  Probe x2  
  82  7:25  Probe  
  85  7:36  Probe x2  
  87  7:37  Probe  
  87  7:43  Pylon  
  88  7:48  Probe x2  
  88  7:50  Probe  
  91  7:51  Disruptor  
  91  7:53  Forge  
  91  7:56  Forge  
  91  7:58  Pylon x2  
  94  8:37  Probe x2  
  94  8:38  Probe  
  97  8:47  Disruptor  
  100  8:54  Gateway  
  100  8:56  Gateway  
  100  8:58  Gateway  
  100  9:00  Gateway  
  100  9:07  Gateway  
  100  9:11  Zealot  
  100  9:12  Zealot x5  
  100  9:14  Gateway  
  112  9:24  Extended Thermal Lance  
  112  9:28  Protoss Ground Weapons Level 1, Protoss Ground Armor Level 1  
  112  9:33  Zealot x3  
  112  9:34  Zealot x3  
  90  10:04  Nexus  
  90  10:05  Zealot x2  
  90  10:06  Zealot x5  
  104  10:11  Disruptor  
  107  10:20  Pylon x2  
  107  10:25  Pylon x2  
  107  10:27  Pylon  
  107  10:40  Nexus  
  107  10:44  Assimilator  
  107  10:45  Assimilator  
  107  10:47  Zealot x6  
  107  10:49  Pylon  
  119  10:50  Pylon  
  119  11:01  Templar Archives  
  119  11:12  Stalker x3  
  122  11:48  Colossus  
  122  11:52  High Templar x4  
  122  11:53  Psionic Storm  
  136  11:54  High Templar x2  
  136  11:55  High Templar x2  
  144  12:25  Probe x2  
  144  12:26  Probe x2  
  144  12:28  Protoss Ground Weapons Level 2, Protoss Ground Armor Level 2  
  148  12:34  Stalker x8  
  164  12:37  Probe x2  
  164  12:38  Probe x2  
  168  12:49  Probe, Pylon  
  168  12:50  Probe x3  
  172  12:58  Stalker x5  
  182  13:01  High Templar  
  182  13:02  Probe x3, High Templar x4  
  191  13:06  Archon  
  141  13:21  Zealot  
  141  13:22  Zealot x6  
  143  13:51  Zealot x6  
  143  13:52  Zealot  
  157  14:00  Probe  
  157  14:01  Probe  
  159  14:06  Colossus  
  165  14:11  Zealot x4  
  173  14:20  Photon Cannon  
  173  14:22  Photon Cannon  
  173  14:23  Photon Cannon  
  173  14:27  Photon Cannon  
  173  14:29  Photon Cannon  
  173  14:34  Photon Cannon  
  173  14:37  Photon Cannon  
  173  14:39  Photon Cannon  
  173  14:40  Photon Cannon  
  173  14:41  Photon Cannon  
  173  14:44  Zealot x3  
  173  14:45  Zealot x4  
  187  14:49  High Templar x2  
  187  14:50  High Templar x2  
  195  15:04  High Templar  
  195  15:06  High Templar  
  148  16:00  Zealot x5  
  148  16:01  Zealot x7  
  172  16:09  Colossus  
  178  16:18  Stargate  
  178  16:22  Stargate  
  178  16:28  Stargate, Fleet Beacon  
  178  16:30  Stargate  
  178  16:34  Stargate  
  178  16:37  Nexus  
  178  16:40  Assimilator  
  178  16:44  Assimilator  
  178  16:47  Pylon  
  178  16:49  Pylon  
  178  17:15  Zealot x5  
  143  17:59  Stalker x2  
  143  18:00  Stalker x5  
  160  18:21  Carrier  
  160  18:22  Carrier x5  
  160  18:24  Mothership  
  176  19:10  Protoss Ground Armor Level 3  
  176  19:11  Protoss Ground Weapons Level 3  
  176  19:33  Nexus  
  176  19:36  Cybernetics Core, Assimilator  
  176  19:39  Assimilator  
  176  19:41  Pylon  
  176  19:42  Stalker x4  
  176  19:44  Pylon  
  184  19:46  Pylon  
  184  19:53  Observer  
  185  20:12  Photon Cannon  
  185  20:13  Photon Cannon  
  197  20:14  Observer, Carrier x2  
  197  20:15  Photon Cannon  
  197  20:18  Photon Cannon  
  197  20:20  Photon Cannon  
  198  20:21  Photon Cannon  
  198  20:24  Protoss Air Weapons Level 1  
  198  20:26  Protoss Air Armor Level 1  
  190  21:47  Protoss Shields Level 1  
  190  21:51  Archon  
  190  21:52  Archon x3  
  190  21:53  Archon  
  159  22:12  Zealot x6  
  159  22:13  Zealot x6  
  183  22:20  Carrier  
  183  22:21  Carrier  
  195  22:40  Stalker x2  
  198  23:05  Observer  
  194  23:25  Protoss Air Weapons Level 2, Protoss Air Armor Level 2  
  192  23:35  Zealot x2  
  192  23:36  Zealot x2  
  200  23:47  Protoss Shields Level 2  
  190  24:42  Zealot x2  
  190  24:43  Zealot x3  
Show
View Real Time Build Order
Export as new Build Order

A.I. 1 (Elite) Terran 

Build Orders:  

Get SALT Encoding   

  12  0:00  SCV  
  13  0:13  SCV  
  14  0:19  Supply Depot  
  14  0:25  SCV  
  15  0:41  SCV  
  16  0:46  Barracks  
  16  0:53  SCV  
  17  1:05  SCV  
  18  1:12  Refinery  
  18  1:14  Supply Depot  
  18  1:17  SCV  
  19  1:29  SCV  
  20  1:34  Marine  
  21  1:45  Command Center  
  21  2:09  Barracks, SCV  
  21  2:13  Marine  
  23  2:16  Factory  
  23  2:21  SCV  
  24  2:28  Supply Depot  
  24  2:32  Marine  
  24  2:33  SCV  
  26  2:45  SCV  
  26  2:50  Marine  
  28  2:58  SCV, Orbital Command  
  29  3:02  Factory Tech Lab  
  29  3:09  Refinery  
  29  3:15  Orbital Command  
  29  3:17  Marine  
  30  3:20  Marine  
  30  3:26  SCV  
  32  3:35  Marine  
  32  3:38  Marine, SCV  
  32  3:40  SCV  
  35  3:50  Barracks, SCV  
  35  3:52  Marine  
  35  3:53  SCV  
  38  3:58  Barracks Tech Lab  
  38  4:02  SCV  
  38  4:05  SCV  
  39  4:11  Barracks Tech Lab  
  39  4:14  SCV  
  39  4:16  Supply Depot  
  41  4:17  SCV  
  41  4:21  Marine  
  42  4:27  SCV  
  42  4:28  Stimpack  
  42  4:29  Marine, SCV  
  45  4:35  Siege Tank  
  48  4:39  Combat Shield, SCV  
  48  4:43  Marauder  
  51  4:47  Marauder  
  51  4:52  SCV  
  49  4:55  SCV  
  49  4:58  Marine  
  46  5:04  SCV  
  46  5:05  Marauder  
  49  5:07  SCV  
  49  5:08  Marine  
  51  5:16  SCV  
  51  5:19  SCV  
  53  5:26  Marauder  
  53  5:27  Marauder  
  53  5:28  SCV  
  58  5:29  Supply Depot  
  58  5:31  SCV  
  59  5:40  SCV  
  60  5:43  SCV  
  60  5:47  Marine  
  60  5:48  Engineering Bay  
  62  5:51  Marauder  
  62  5:52  SCV, Supply Depot  
  62  5:55  SCV  
  66  5:57  Command Center  
  66  6:06  Barracks Reactor, SCV  
  66  6:09  SCV  
  68  6:14  Marauder  
  68  6:15  Terran Infantry Weapons Level 1  
  70  6:19  SCV, Supply Depot  
  70  6:21  SCV  
  70  6:23  Marauder  
  70  6:24  Concussive Shells  
  73  6:31  SCV  
  60  6:33  SCV  
  57  6:40  Engineering Bay  
  57  6:43  SCV  
  57  6:44  Marine  
  57  6:45  SCV  
  54  6:54  Marauder  
  54  6:55  SCV  
  54  6:57  SCV  
  55  7:02  Marauder  
  55  7:07  SCV  
  58  7:09  Terran Infantry Armor Level 1  
  58  7:10  Starport  
  58  7:20  SCV  
  58  7:22  SCV  
  60  7:26  SCV  
  61  7:31  Marine  
  61  7:32  SCV  
  61  7:35  SCV  
  64  7:38  SCV  
  64  7:43  Marine  
  66  7:44  SCV  
  66  7:47  SCV  
  66  7:49  Medivac  
  66  7:50  SCV  
  71  7:56  SCV  
  72  7:59  SCV  
  72  8:03  SCV  
  74  8:08  SCV  
  74  8:11  SCV  
  67  8:15  SCV  
  63  8:20  SCV  
  63  8:23  SCV  
  56  8:27  SCV  
  56  8:32  SCV  
  57  8:35  SCV  
  57  8:39  SCV  
  59  8:44  SCV  
  59  8:47  SCV  
  61  8:51  SCV  
  62  8:57  SCV  
  62  8:59  SCV  
  64  9:03  SCV  
  64  9:08  Viking  
  64  9:09  SCV  
  68  9:11  SCV  
  68  9:15  SCV  
  70  9:21  SCV  
  70  9:23  SCV  
  72  9:27  SCV  
  73  9:33  SCV  
  73  9:36  SCV  
  73  9:37  Marauder  
  76  9:39  SCV  
  76  9:42  Marine  
  76  9:45  Marine, SCV  
  71  9:47  Marine  
  54  9:53  SCV  
  54  9:54  SCV  
  54  9:58  Marine  
  49  10:01  Marauder, SCV  
  49  10:02  Marine  
  49  10:05  Marine  
  54  10:09  SCV  
  54  10:11  SCV  
  54  10:13  SCV  
  57  10:17  Marauder  
  57  10:20  Marine  
  60  10:21  SCV  
  60  10:22  Marauder  
  60  10:23  Marine  
  60  10:25  SCV  
  60  10:27  SCV  
  66  10:33  SCV  
  67  10:37  SCV  
  67  10:38  Marine, Marauder  
  67  10:39  SCV  
  67  10:41  Marine  
  73  10:43  Marauder  
  73  10:46  SCV  
  73  10:49  Viking, SCV  
  79  10:51  SCV  
  79  10:56  Marine  
  81  10:58  SCV  
  81  10:59  Marine, Marauder  
  81  11:02  SCV  
  86  11:04  Supply Depot  
  86  11:05  Marauder, SCV  
  86  11:10  SCV  
  84  11:14  SCV  
  84  11:17  SCV  
  76  11:19  Viking  
  76  11:21  Marauder  
  76  11:22  SCV  
  76  11:26  Marauder, SCV  
  76  11:29  SCV  
  74  11:34  SCV  
  74  11:39  SCV  
  76  11:41  SCV  
  76  11:42  Marauder  
  76  11:46  SCV  
  80  11:48  Marauder  
  80  11:49  Viking  
  80  11:51  SCV  
  85  11:58  SCV  
  85  11:59  Marine  
  88  12:01  SCV  
  88  12:03  Marauder, SCV  
  88  12:06  Marine  
  92  12:09  Marauder  
  92  12:10  SCV  
  92  12:13  Siege Tank  
  99  12:15  SCV  
  99  12:17  SCV  
  99  12:18  Supply Depot  
  101  12:22  SCV  
  101  12:27  SCV  
  101  12:29  SCV  
  103  12:34  SCV  
  103  12:36  Armory  
  104  12:39  SCV  
  104  12:42  Supply Depot  
  105  12:44  Marauder  
  105  12:45  Siege Tank  
  105  12:47  Marauder, SCV x2  
  114  12:52  SCV  
  115  13:00  SCV  
  115  13:01  SCV  
  115  13:02  Refinery  
  115  13:04  Refinery, SCV  
  118  13:06  Marauder, Supply Depot  
  118  13:08  Marauder  
  118  13:11  Marine  
  118  13:12  Marine, SCV  
  120  13:17  SCV  
  120  13:19  SCV  
  103  13:23  Terran Infantry Weapons Level 2  
  85  13:27  Marauder  
  85  13:29  Marine, SCV  
  85  13:30  Marine, Marauder  
  84  13:34  Ghost Academy  
  84  13:35  SCV  
  84  13:37  SCV  
  81  13:41  SCV  
  81  13:43  Refinery  
  81  13:45  Refinery  
  81  13:47  Marine x2  
  84  13:48  Marauder  
  84  13:51  Marauder  
  88  13:57  Thor  
  94  14:05  Marine  
  94  14:06  Marine, SCV  
  94  14:07  SCV x2  
  101  14:10  Marauder  
  101  14:12  Marine  
  102  14:18  SCV  
  102  14:19  SCV  
  102  14:23  Marine  
  104  14:25  Marine  
  104  14:30  Marauder, Ghost  
  104  14:31  Supply Depot  
  109  14:39  Thor  
  109  14:40  Marine  
  116  14:51  Ghost  
  116  14:52  Viking  
  120  14:54  Supply Depot  
  122  15:00  Marauder  
  122  15:12  Missile Turret  
  121  15:14  Missile Turret, Orbital Command  
  121  15:15  Marine x2  
  121  15:18  Supply Depot  
  121  15:20  Marauder, Ghost  
  127  15:22  Viking, Thor  
  127  15:28  Missile Turret  
  133  15:38  Barracks  
  133  15:39  SCV  
  133  15:41  SCV  
  133  15:42  Marauder  
  106  15:43  Marine  
  106  15:44  SCV  
  106  15:47  Marine  
  106  15:49  Ghost  
  94  15:51  SCV  
  94  15:52  Viking  
  94  15:53  SCV  
  94  15:56  SCV  
  99  16:00  Marine  
  99  16:03  Marauder, SCV  
  103  16:04  Marine  
  103  16:05  Siege Tank  
  107  16:11  SCV  
  107  16:13  SCV  
  107  16:16  SCV  
  107  16:17  Ghost  
  112  16:18  Marine  
  112  16:22  Marine  
  112  16:23  Starport Reactor, SCV  
  112  16:24  Marauder  
  112  16:25  Marine  
  118  16:26  SCV  
  118  16:28  SCV  
  120  16:35  SCV  
  121  16:40  SCV  
  121  16:46  Marauder, Command Center  
  126  16:47  Marauder  
  126  17:07  Marauder, Ghost  
  130  17:18  Supply Depot  
  130  17:21  Marine  
  131  17:23  Marine  
  131  17:28  Siege Tank  
  131  17:29  Marauder  
  137  17:37  Marauder  
  139  17:41  Supply Depot  
  139  17:44  Marine x2  
  121  17:45  Marine  
  121  17:49  Ghost  
  83  17:52  Viking  
  83  17:56  Viking  
  83  17:57  Ghost  
  81  17:59  SCV x2  
  81  18:00  SCV  
  81  18:01  Marine  
  81  18:02  Marine, SCV  
  81  18:05  Marine  
  88  18:11  SCV  
  85  18:13  SCV x2  
  85  18:15  SCV  
  85  18:18  Marauder  
  85  18:19  Marine  
  91  18:20  Marine  
  91  18:22  Marine  
  91  18:23  SCV  
  91  18:25  SCV  
  91  18:26  SCV  
  91  18:27  Marauder, SCV  
  98  18:32  Siege Tank  
  102  18:35  SCV  
  102  18:37  Marine, SCV  
  102  18:39  SCV  
  102  18:40  Marauder  
  102  18:41  Viking  
  110  18:46  Viking  
  110  18:47  Ghost  
  114  18:54  SCV  
  109  18:56  SCV  
  109  18:57  SCV  
  109  18:59  SCV  
  109  19:00  Ghost  
  109  19:02  Marine  
  109  19:04  Siege Tank  
  109  19:06  SCV  
  109  19:08  SCV  
  109  19:09  SCV  
  115  19:11  Viking, SCV  
  115  19:16  Viking, Ghost  
  122  19:25  Marine  
  122  19:26  Marine  
  122  19:30  Marauder  
  126  19:36  Siege Tank  
  126  19:37  Refinery  
  126  19:38  Refinery  
  129  19:39  Terran Infantry Weapons Level 3  
  129  19:41  Viking  
  129  19:44  Ghost  
  133  19:46  Viking  
  133  19:50  Missile Turret  
  133  19:51  Marauder, Refinery  
  137  20:00  Personal Cloaking  
  137  20:01  Missile Turret, SCV x3  
  140  20:07  Terran Ship Weapons Level 1  
  140  20:08  Marine  
  140  20:09  Marine  
  140  20:12  Marauder, SCV  
  140  20:14  Marauder  
  147  20:19  Missile Turret  
  147  20:25  Armory  
  147  20:26  Command Center  
  147  20:28  Planetary Fortress  
  147  20:31  Missile Turret  
  147  20:34  Marauder, Ghost  
  147  20:35  Medivac  
  153  20:38  Missile Turret  
  153  20:48  Missile Turret  
  153  20:50  Medivac  
  153  20:54  Ghost  
  157  21:02  Supply Depot  
  157  21:03  Ghost  
  157  21:18  Missile Turret  
  157  21:23  Ghost  
  157  21:24  Viking  
  160  21:31  Ghost  
  159  21:43  Missile Turret  
  159  21:44  Marine  
  159  21:45  Supply Depot  
  159  21:46  Marine x2  
  148  21:49  Viking  
  148  21:52  Marine  
  116  21:57  Viking  
  116  21:58  Command Center  
  116  22:00  Marauder  
  84  22:02  Marine  
  84  22:04  Marine x2  
  77  22:08  Missile Turret  
  77  22:10  Marine  
  77  22:14  SCV x2  
  76  22:19  Marine, Viking  
  76  22:21  SCV  
  76  22:22  Marine, Marauder  
  79  22:23  Missile Turret  
  79  22:24  Missile Turret  
  79  22:26  SCV  
  79  22:27  Viking, SCV  
  79  22:28  Marauder  
  72  22:33  SCV  
  72  22:35  Marine  
  70  22:38  SCV  
  70  22:40  Marine  
  70  22:43  Marauder  
  73  22:45  SCV  
  73  22:49  Marauder  
  73  22:50  SCV  
  59  22:59  Command Center  
  59  23:03  Marine  
  43  23:14  Refinery  
  39  23:29  SCV x2  
  39  23:32  Command Center  
  31  23:41  SCV  
  32  23:46  Supply Depot  
  28  24:13  SCV x2  
  28  24:14  Barracks  
  15  24:26  SCV  
  15  24:38  SCV  
  5  24:50  SCV  
  5  24:55  Supply Depot  
  5  25:02  SCV  
  5  25:13  Supply Depot  
  4  25:14  SCV  
  5  25:26  SCV  
  4  25:38  SCV  
  4  25:50  SCV  
  4  26:02  SCV  
  4  26:14  SCV  
  5  26:24  Command Center  
  5  26:27  SCV  
Tags
 
Add a new tag
Caveats
  • Supply blocks, unpowered buildings, or Contaminate may cause inaccurate times.
  • Supply counts are checked every 10 seconds.